 Dungeon Crawl Stone Soup version 0.29.1-12-g30fa7ad0bf (webtiles) character file.

Game seed: 5215581173384072596

330 concernfroge the Trooper (level 6, -3/53 HPs)
             Began as a Mummy Monk on Dec 17, 2022.
             Splashed by a jelly's acid (4 damage)
             ... on level 5 of the Dungeon.
             The game lasted 00:11:15 (3921 turns).

concernfroge the Trooper (Mummy Monk)               Turns: 3921, Time: 00:11:16

Health: -3/53      AC: -2    Str: 16    XL:     6   Next: 26%
Magic:  6/6        EV:  7    Int:  9    God:
Gold:   177        SH:  0    Dex: 15    Spells: 5/5 levels left

rFire   x . .      SeeInvis +   a - +0 spear
rCold   + . .      Faith    .   (no shield)
rNeg    + + +      Spirit   .   f - +0 chain mail
rPois   ∞          Reflect  .   d - +0 mask of the Dragon {Will+ Slay+3 SInv}
rElec   .          Harm     .   h - +1 cloak
rCorr   .          Rampage  .   (no gloves)
Will    +....                   (no boots)
Stlth   ..........              (no amulet)
HPRegen 0.17/turn               (no ring)
MPRegen 0.10/turn               (no ring)

@: corroded
A: cold resistance 1, negative energy resistance 3, torment resistance 2, heat
vulnerability 1, in touch with death 1, no potions
a: no special abilities


You were on level 5 of the Dungeon.
You visited 1 branch of the dungeon, and saw 5 of its levels.

You collected 177 gold pieces.

Inventory:

Hand Weapons
 a - a +0 spear (weapon)
Missiles
 g - 3 boomerangs (quivered)
Armour
 d - the +0 mask of the Dragon (worn) {Will+ Slay+3 SInv}
   (You acquired it on level 4 of the Dungeon)

   Slay:      It affects your accuracy & damage with ranged weapons and melee
   (+3).
   SInv:      It lets you see invisible.
   Will:      It increases your willpower.
 f - a +0 chain mail (worn)
 h - a +1 cloak (worn)
Jewellery
 p - a ring of see invisible
Scrolls
 b - a scroll of vulnerability
 e - 2 scrolls of amnesia
 i - a scroll of fog
 j - 3 scrolls of identify
 k - 2 scrolls of enchant weapon


   Skills:
 + Level 6.5 Fighting
 - Level 2.4 Polearms
 - Level 2.0 Throwing
 - Level 2.4 Dodging
 - Level 1.5 Stealth


You had 5 spell levels left.
You didn't know any spells.
Your spell library contained the following spells:

 Spells                   Type           Power      Damage    Failure   Level
 Summon Small Mammal      Summ           0%         N/A       100%        1
 Ensorcelled Hibernation  Hex/Ice        0%         N/A       100%        2
 Call Canine Familiar     Summ           0%         N/A       100%        3
 Summon Guardian Golem    Hex/Summ       0%         N/A       100%        3
 Anguish                  Hex/Necr       0%         N/A       100%        4
 Animate Armour           Summ/Erth      0%         N/A       100%        4
 Dispersal                Tloc           0%         N/A       100%        6
 Spider Form              Tmut/Pois      Unusable   N/A       N/A         3

Dungeon Overview and Level Annotations

Branches:
Dungeon (5/15)
 Temple: D:4-7

Altars:
Uskayaw

Shops:
D:2 :


Innate Abilities, Weirdness & Mutations

You are immune to poison.
Your flesh is cold resistant. (rC+)
You are immune to negative energy. (rN+++)
You are immune to unholy pain and torment.
You are vulnerable to heat. (rF-)
You are in touch with the powers of death.
You do not drink.


Message History

Okay, then.
There is an escape hatch in the floor here.
You slide downwards.
The hatch slams shut behind you.
The jelly quivers.
You hit the jelly.
Your hands burn!
The jelly is lightly wounded.
The jelly barely misses you.
You puncture the jelly!
Your hands burn!
The jelly is heavily wounded.
The jelly hits you.
You are splashed with acid!
You hit the jelly but do no damage. The acid corrodes you!
Your hands burn!
The jelly is heavily wounded.
The jelly closely misses you.
You hit the jelly. The acid corrodes you!
Your hands burn!
The jelly is severely wounded.
You hit the jelly but do no damage.
Your hands burn!
The jelly is severely wounded.
The jelly barely misses you.
You hit the jelly but do no damage. The acid corrodes you!
Your hands burn!
The jelly is severely wounded.
The jelly closely misses you.
Throw: 2 javelins
Press: ? - help, Q - select action, (/) - cycle Shift-Dir - straight line, f - jelly
Aim: a jelly (severely wounded, 91% to hit)
You throw a javelin. The javelin barely misses the jelly.
The jelly hits you.
You are splashed with acid!
The jelly hits you. The acid corrodes you!
You are splashed with acid!
* * * LOW HITPOINT WARNING * * *
Throw: javelin
Press: ? - help, Q - select action, (/) - cycle Shift-Dir - straight line, f/p - jelly
Aim: a jelly (severely wounded, 91% to hit)
You throw a javelin. The javelin pierces through the jelly.
The jelly is almost dead.
The jelly hits you.
* * * LOW HITPOINT WARNING * * *
The acid corrodes you!
You are splashed with acid.
* * * LOW HITPOINT WARNING * * *
Okay, then.
You hit the jelly but do no damage.
Your hands burn!
You die...

# .. #. .. #.
#######
#.##.##.......
#.....@J#
#########


You could see a jelly.

Vanquished Creatures
  A necrophage (D:3)
  An orc priest (D:3)
  A hound (D:4)
  A jelly (D:4)
  Jessica (D:3)
  5 adders
  2 worms
  2 dart slugs
  12 orcs
  4 bats
  5 endoplasms
  A giant cockroach (D:4)
  6 goblins
  8 hobgoblins
  8 jackals
  7 kobolds
  7 quokkas
  9 ball pythons
  2 frilled lizards
  3 rats
86 creatures vanquished.

Notes
Turn   | Place    | Note
-------+----------+-------------------------------------------
     0 | D:1      | concernfroge the Mummy Monk began the quest for the Orb.
     0 | D:1      | Reached XP level 1. HP: 18/18 MP: 1/1
   299 | D:1      | Reached XP level 2. HP: 23/24 MP: 2/2
   525 | D:1      | Reached skill level 4 in Fighting
   787 | D:1      | Gained mutation: You are in touch with the powers of death.
                  | [Mummy growth]
   787 | D:1      | Reached XP level 3. HP: 28/30 MP: 3/3
  1063 | D:2      | Found a faded altar of an unknown god.
  1083 | D:2      | Found a hide-covered altar of Uskayaw.
  1209 | D:2      | Reached XP level 4. HP: 38/38 MP: 4/4
  1223 | D:2      | Found Yraid's Book Shop.
  1258 | D:2      | Reached skill level 5 in Fighting
  1428 | D:2      | Got Ecumaov's Grimoire of Helpful Transposition
  1968 | D:3      | Reached XP level 5. HP: 42/46 MP: 5/5
  2026 | D:3      | Noticed Jessica
  2033 | D:3      | Killed Jessica
  2316 | D:3      | Reached skill level 6 in Fighting
  2316 | D:3      | Reached skill level 1 in Throwing
  2863 | D:4      | Identified a scroll of acquirement
  2863 | D:4      | Acquired the +0 mask of the Dragon {Will+ Slay+3 SInv}
  2863 | D:4      | Found the +0 mask of the Dragon {Will+ Slay+3 SInv}
  3073 | D:4      | Reached XP level 6. HP: 52/52 MP: 6/6
  3912 | D:5      | Entered Level 5 of the Dungeon
  3920 | D:5      | HP: 1/53 [acid (6)]
  3921 | D:5      | Splashed by a jelly's acid

Illustrated notes

Levels and vault maps discovered:
D:1:      dpeg_arrival_simpleton_c, layout_basic
D:2:      layout_rooms, serial_shops, nicolae_shop_window_shopping,
          nicolae_ecumenical_oubliette, basic_altar, minmay_small_reverse_x
D:3:      layout_loops_corners, uniq_jessica
D:4:      layout_layer_cave
D:5:      layout_loops_corners, lemuel_blue_sif_altar, uniq_eustachio

Skill      XL: |  1  2  3  4  5  6 |
---------------+-------------------+-----
Fighting       | 4 5 6 |  6.5
Throwing       | 1 2 |  2.0
Polearms       | |  2.4
Dodging        | |  2.4
Stealth        | |  1.5

Action                   |  1- 3 |  4- 6 || total
-------------------------+-------+-------++-------
Melee: Spear             |   162 |   216 ||   378
       Punch             |     1 |     2 ||     3
Throw: Stone             |    10 |    34 ||    44
       Dart              |       |    24 ||    24
       Javelin           |       |     7 ||     7
  Use: Scroll            |       |    10 ||    10
Armor: Ring mail         |    24 |       ||    24
       Robe              |     3 |       ||     3
       Chain mail        |    29 |    98 ||   127
Dodge: Dodged            |    77 |    60 ||   137
